TOP OF THE 1ST |
Chicago White Sox batting - Pitching for Cleveland Indians : RHP Apostolos Tsatsos
|
Pitching: RHP Apostolos Tsatsos
|
|
Batting: LHB Sidney Pedder
|
0-0: Ball 1-0: Swinging Strike 1-1: Called Strike 1-2: Foul Ball, location: 2F 1-2: Foul Ball, location: 2F 1-2: Ball 2-2: Ball 3-2: Fly out, F8 (Flyball, 8LS, EV 96.9 MPH)
|
Batting: SHB Cesar Herrera
|
0-0: Called Strike 0-1: Foul Ball, location: 2F 0-2: Strikes out swinging
|
Batting: LHB Randy Rosenberry
|
0-0: Called Strike 0-1: Ball 1-1: Called Strike 1-2: Strikes out swinging
|
Top of the 1st over - 0 runs, 0 hits, 0 errors, 0 left on base; Chicago 0 - Cleveland 0 |
BOTTOM OF THE 1ST |
Cleveland Indians batting - Pitching for Chicago White Sox : LHP Felix Bernal
|
Pitching: LHP Felix Bernal
|
|
Batting: LHB Arvin Dungca
|
0-0: Ball 1-0: Called Strike 1-1: Called Strike 1-2: Strikes out swinging
|
Batting: RHB Doug Hammertime
|
0-0: Ball 1-0: Called Strike 1-1: Foul Ball, location: 2F 1-2: Strikes out swinging
|
Batting: RHB Nick Ogle
|
0-0: SINGLE (Line Drive, 3D, EV 98.1 MPH)
|
Batting: SHB Merrick Geter
|
0-0: Foul Ball, location: 2F 0-1: Swinging Strike 0-2: Strikes out swinging
|
Bottom of the 1st over - 0 runs, 1 hit, 0 errors, 1 left on base; Chicago 0 - Cleveland 0 |
TOP OF THE 2ND |
Chicago White Sox batting - Pitching for Cleveland Indians : RHP Apostolos Tsatsos
|
Batting: RHB Joseph Disepolo
|
0-0: Ball 1-0: Called Strike 1-1: Foul Ball, location: 2F 1-2: Ball 2-2: Strikes out swinging
|
Batting: SHB Junzo Kato
|
0-0: Called Strike 0-1: Fly out, F5 (Popup, 15, EV 81.9 MPH)
|
Batting: RHB Steve Castleberry
|
0-0: Called Strike 0-1: Fly out, F8 (Flyball, 8RM, EV 92.5 MPH)
|
Top of the 2nd over - 0 runs, 0 hits, 0 errors, 0 left on base; Chicago 0 - Cleveland 0 |
BOTTOM OF THE 2ND |
Cleveland Indians batting - Pitching for Chicago White Sox : LHP Felix Bernal
|
Batting: RHB Drtian Thaqi
|
0-0: Fly out, F9 (Flyball, 9LSF, EV 86.2 MPH)
|
Batting: RHB Hiroshige Yamada
|
0-0: Ball 1-0: Foul Ball, location: 2F 1-1: Reached on error, E7 (Line Drive, 78M, EV 95.6 MPH)
|
Batting: RHB Tommy Baird
|
0-0: Ball 1-0: Swinging Strike 1-1: Fly out, F8 (Flyball, 8LD, EV 98.8 MPH) Runner from 2nd tags up, SAFE at 3rd with throw by CF
|
Batting: LHB Hector Pedroso
|
0-0: Called Strike 0-1: Ball 1-1: Swinging Strike 1-2: Ball 2-2: Strikes out swinging
|
Bottom of the 2nd over - 0 runs, 0 hits, 1 error, 1 left on base; Chicago 0 - Cleveland 0 |
TOP OF THE 3RD |
Chicago White Sox batting - Pitching for Cleveland Indians : RHP Apostolos Tsatsos
|
Batting: SHB Vince Ealy
|
0-0: Ground out 3-1 (Groundball, 34, EV 87.5 MPH)
|
Batting: SHB Dan Lash
|
0-0: Ball 1-0: Ball 2-0: Foul Ball, location: 2F 2-1: Foul Ball, location: 2F 2-2: Strikes out swinging
|
Batting: RHB Brad Boals
|
0-0: Foul Ball, location: 2F 0-1: Swinging Strike 0-2: SOLO HOME RUN (Flyball, 7D, EV 101.9 MPH), Distance : 369 ft
|
Batting: LHB Sidney Pedder
|
0-0: Ball 1-0: Called Strike 1-1: Swinging Strike 1-2: Foul Ball, location: 2F 1-2: Foul Ball, location: 2F 1-2: Strikes out looking
|
Top of the 3rd over - 1 run, 1 hit, 0 errors, 0 left on base; Chicago 1 - Cleveland 0 |
BOTTOM OF THE 3RD |
Cleveland Indians batting - Pitching for Chicago White Sox : LHP Felix Bernal
|
Batting: RHB Edwin Madrid
|
0-0: Ball 1-0: Fly out, F8 (Line Drive, 8RM, EV 86.9 MPH)
|
Batting: LHB Arvin Dungca
|
0-0: Called Strike 0-1: Swinging Strike 0-2: Foul Ball, location: 2F 0-2: Foul Ball, location: 2F 0-2: Ball 1-2: Fly out, F9 (Flyball, 9D, EV 101.9 MPH)
|
Batting: RHB Doug Hammertime
|
0-0: Foul Ball, location: 2F 0-1: Ball 1-1: Ball 2-1: Fly out, F7 (Flyball, 7, EV 90.6 MPH)
|
Bottom of the 3rd over - 0 runs, 0 hits, 0 errors, 0 left on base; Chicago 1 - Cleveland 0 |
TOP OF THE 4TH |
Chicago White Sox batting - Pitching for Cleveland Indians : RHP Apostolos Tsatsos
|
Batting: SHB Cesar Herrera
|
0-0: Called Strike 0-1: Ball 1-1: Ball 2-1: Fly out, F8 (Flyball, 8RM, EV 91.9 MPH)
|
Batting: LHB Randy Rosenberry
|
0-0: SOLO HOME RUN (Flyball, 9LD, EV 92.5 MPH), Distance : 340 ft
|
Batting: RHB Joseph Disepolo
|
0-0: Called Strike 0-1: Ball 1-1: Called Strike 1-2: Strikes out swinging
|
Batting: SHB Junzo Kato
|
0-0: Ball 1-0: Ground out 3-1 (Groundball, 34S, EV 90.6 MPH)
|
Top of the 4th over - 1 run, 1 hit, 0 errors, 0 left on base; Chicago 2 - Cleveland 0 |
BOTTOM OF THE 4TH |
Cleveland Indians batting - Pitching for Chicago White Sox : LHP Felix Bernal
|
Batting: RHB Nick Ogle
|
0-0: Ball 1-0: DOUBLE (Line Drive, 5D, EV 99.4 MPH)
|
Batting: SHB Merrick Geter
|
0-0: Swinging Strike 0-1: Ball 1-1: Ball 2-1: Swinging Strike 2-2: Strikes out swinging
|
Batting: RHB Drtian Thaqi
|
0-0: Called Strike 0-1: Swinging Strike 0-2: Ball 1-2: Foul Ball, location: 2F 1-2: Strikes out looking
|
Batting: RHB Hiroshige Yamada
|
0-0: Ball 1-0: Ball 2-0: Ball 3-0: Called Strike 3-1: Called Strike 3-2: Foul Ball, location: 2F 3-2: Strikes out looking
|
Bottom of the 4th over - 0 runs, 1 hit, 0 errors, 1 left on base; Chicago 2 - Cleveland 0 |
TOP OF THE 5TH |
Chicago White Sox batting - Pitching for Cleveland Indians : RHP Apostolos Tsatsos
|
Batting: RHB Steve Castleberry
|
0-0: Called Strike 0-1: Swinging Strike 0-2: Foul Ball, location: 2F 0-2: Foul Ball, location: 2F 0-2: Foul Ball, location: 2F 0-2: Strikes out swinging
|
Batting: SHB Vince Ealy
|
0-0: Ball 1-0: DOUBLE (Line Drive, 89XD, EV 104.4 MPH)
|
Batting: SHB Dan Lash
|
0-0: Ball 1-0: Ball 2-0: Swinging Strike 2-1: Ground out 4-3 (Groundball, 4M, EV 90.0 MPH) Vince Ealy to third
|
Batting: RHB Brad Boals
|
0-0: Ball 1-0: Called Strike 1-1: Called Strike 1-2: Ball 2-2: Ball 3-2: Foul Ball, location: 2F 3-2: Base on Balls
|
Batting: LHB Sidney Pedder
|
0-0: Ball 1-0: Ball 2-0: Called Strike 2-1: Ball 3-1: Foul Ball, location: 2F 3-2: Base on Balls Brad Boals to second
|
Batting: SHB Cesar Herrera
|
0-0: SINGLE (Flyball, 5D, EV 88.8 MPH) Vince Ealy scores Brad Boals to third Sidney Pedder to second
|
Batting: LHB Randy Rosenberry
|
0-0: Foul Ball, location: 2F 0-1: Called Strike 0-2: Strikes out swinging
|
Top of the 5th over - 1 run, 2 hits, 0 errors, 3 left on base; Chicago 3 - Cleveland 0 |
BOTTOM OF THE 5TH |
Cleveland Indians batting - Pitching for Chicago White Sox : LHP Felix Bernal
|
Batting: RHB Tommy Baird
|
0-0: Ball 1-0: Ground out U3 (Groundball, 3, EV 103.1 MPH)
|
Batting: LHB Hector Pedroso
|
0-0: Ball 1-0: Called Strike 1-1: Foul Ball, location: 2F 1-2: Strikes out swinging
|
Batting: RHB Edwin Madrid
|
0-0: Ball 1-0: Called Strike 1-1: Ground out 5-3 (Groundball, 5S, EV 77.5 MPH)
|
Bottom of the 5th over - 0 runs, 0 hits, 0 errors, 0 left on base; Chicago 3 - Cleveland 0 |
TOP OF THE 6TH |
Chicago White Sox batting - Pitching for Cleveland Indians : RHP Apostolos Tsatsos
|
Batting: RHB Joseph Disepolo
|
0-0: Swinging Strike 0-1: Foul Ball, location: 2F 0-2: SINGLE (Popup, 4D, EV 40.6 MPH)
|
Batting: SHB Junzo Kato
|
0-0: Called Strike 0-1: Foul Ball, location: 2F 0-2: Strikes out looking
|
Batting: RHB Steve Castleberry
|
0-0: Ball 1-0: Fly out, F7 (Flyball, 7LM, EV 88.1 MPH)
|
Batting: SHB Vince Ealy
|
0-0: Swinging Strike 0-1: Ball 1-1: Ball 2-1: Ball 3-1: Swinging Strike 3-2: Strikes out swinging
|
Top of the 6th over - 0 runs, 1 hit, 0 errors, 1 left on base; Chicago 3 - Cleveland 0 |
BOTTOM OF THE 6TH |
Cleveland Indians batting - Pitching for Chicago White Sox : LHP Felix Bernal
|
Batting: LHB Arvin Dungca
|
0-0: Ball 1-0: SINGLE (Groundball, 4D, EV 97.5 MPH)
|
Batting: RHB Doug Hammertime
|
0-0: Called Strike 0-1: Ball 1-1: Ball 2-1: Grounds into double play, 5-4-3 (Groundball, 5, EV 83.8 MPH)
|
Batting: RHB Nick Ogle
|
0-0: Swinging Strike 0-1: Ball 1-1: Ball 2-1: Ground out 5-3 (Groundball, 5, EV 107.5 MPH)
|
Bottom of the 6th over - 0 runs, 1 hit, 0 errors, 0 left on base; Chicago 3 - Cleveland 0 |
TOP OF THE 7TH |
Chicago White Sox batting - Pitching for Cleveland Indians : RHP Apostolos Tsatsos
|
Batting: SHB Dan Lash
|
0-0: Ball 1-0: Ball 2-0: Foul Ball, location: 2F 2-1: Swinging Strike 2-2: Foul Ball, location: 2F 2-2: Ground out U3 (Groundball, 34S, EV 85.0 MPH)
|
Batting: RHB Brad Boals
|
0-0: Ground out 6-3 (Groundball, 6, EV 87.5 MPH)
|
Batting: LHB Sidney Pedder
|
0-0: Foul Ball, location: 2F 0-1: Fly out, F8 (Flyball, 8LM, EV 85.0 MPH)
|
Top of the 7th over - 0 runs, 0 hits, 0 errors, 0 left on base; Chicago 3 - Cleveland 0 |
BOTTOM OF THE 7TH |
Cleveland Indians batting - Pitching for Chicago White Sox : LHP Felix Bernal
|
Batting: SHB Merrick Geter
|
0-0: Ball 1-0: Ball 2-0: Ball 3-0: Foul Ball, location: 2F 3-1: SINGLE (Groundball, 56D, EV 94.4 MPH)
|
Batting: RHB Drtian Thaqi
|
0-0: Called Strike Merrick Geter is caught stealing 2nd base 2-4 0-1: Ball 1-1: Foul Ball, location: 2F 1-2: Strikes out looking
|
Batting: RHB Hiroshige Yamada
|
0-0: Swinging Strike 0-1: Foul Ball, location: 2F 0-2: Foul Ball, location: 2F 0-2: Strikes out swinging
|
Bottom of the 7th over - 0 runs, 1 hit, 0 errors, 0 left on base; Chicago 3 - Cleveland 0 |
TOP OF THE 8TH |
Chicago White Sox batting - Pitching for Cleveland Indians : RHP Apostolos Tsatsos
|
Pitching: RHP Casey Truax
|
|
Batting: SHB Cesar Herrera
|
0-0: Foul Ball, location: 2F 0-1: Called Strike 0-2: Ball 1-2: Ball 2-2: Strikes out swinging
|
Batting: LHB Randy Rosenberry
|
0-0: Swinging Strike 0-1: Ball 1-1: Ball 2-1: Ground out 4-3 (Groundball, 4, EV 84.4 MPH)
|
Batting: RHB Joseph Disepolo
|
0-0: Called Strike 0-1: Swinging Strike 0-2: Foul Ball, location: 2F 0-2: Strikes out looking
|
Top of the 8th over - 0 runs, 0 hits, 0 errors, 0 left on base; Chicago 3 - Cleveland 0 |
BOTTOM OF THE 8TH |
Cleveland Indians batting - Pitching for Chicago White Sox : LHP Felix Bernal
|
Now at 1B: Junzo Kato
|
|
Now at 2B: Vince Ealy
|
|
Now at 3B: Dieter Knoops
|
|
Batting: RHB Tommy Baird
|
0-0: Foul Ball, location: 2F 0-1: Called Strike 0-2: Ground out 5-3 (Groundball, 5L, EV 78.8 MPH)
|
Batting: LHB Hector Pedroso
|
0-0: Ball 1-0: Swinging Strike 1-1: Foul Ball, location: 2F 1-2: Foul Ball, location: 2F 1-2: Strikes out swinging
|
Batting: RHB Edwin Madrid
|
0-0: Ball 1-0: Called Strike 1-1: SINGLE (Groundball, 6M, EV 80.6 MPH) (infield hit)
|
Batting: LHB Arvin Dungca
|
0-0: Ball 1-0: Swinging Strike 1-1: Ball 2-1: Ball 3-1: Base on Balls Edwin Madrid to second
|
Batting: RHB Doug Hammertime
|
0-0: Ball 1-0: Fly out, F3 (Popup, 3SF, EV 76.9 MPH)
|
Bottom of the 8th over - 0 runs, 1 hit, 0 errors, 2 left on base; Chicago 3 - Cleveland 0 |
TOP OF THE 9TH |
Chicago White Sox batting - Pitching for Cleveland Indians : RHP Casey Truax
|
Pitching: RHP Juan Flores
|
|
Batting: SHB Junzo Kato
|
0-0: Foul Ball, location: 2F 0-1: Foul Ball, location: 2F 0-2: Ball 1-2: Strikes out swinging
|
Batting: RHB Steve Castleberry
|
0-0: Ball 1-0: Ball 2-0: Called Strike 2-1: Ball 3-1: Fly out, F6 (Line Drive, 6M, EV 69.4 MPH)
|
Batting: SHB Vince Ealy
|
0-0: Called Strike 0-1: Swinging Strike 0-2: Ball 1-2: Strikes out swinging
|
Top of the 9th over - 0 runs, 0 hits, 0 errors, 0 left on base; Chicago 3 - Cleveland 0 |
BOTTOM OF THE 9TH |
Cleveland Indians batting - Pitching for Chicago White Sox : LHP Felix Bernal
|
Batting: RHB Nick Ogle
|
0-0: Foul Ball, location: 2F 0-1: Foul Ball, location: 2F 0-2: Fly out, F9 (Flyball, 9, EV 87.5 MPH)
|
Batting: SHB Merrick Geter
|
0-0: Called Strike 0-1: Swinging Strike 0-2: Strikes out swinging, 2-3 out at first.
|
Batting: RHB Drtian Thaqi
|
0-0: Foul Ball, location: 2F 0-1: Ball 1-1: Ball 2-1: Foul Ball, location: 2F 2-2: Fly out, F8 (Flyball, 8RD, EV 87.5 MPH)
|
Bottom of the 9th over - 0 runs, 0 hits, 0 errors, 0 left on base; Chicago 3 - Cleveland 0 |
|